 Dungeon Crawl Stone Soup version 0.30.0-2-g1aa4bd4387 (webtiles) character file.

Game seed: 6315914664973104741

43 Jarnaxa the Trooper (level 3, 0/33 HPs)
             Began as a Hill Orc Fighter on May 7, 2023.
             Slain by an orc wizard
             ... wielding a +4 dagger
              (2 damage)
             ... on level 2 of the Dungeon.
             The game lasted 00:01:35 (626 turns).

Jarnaxa the Trooper (Hill Orc Fighter)               Turns: 626, Time: 00:01:36

Health: 0/33       AC:  8    Str: 20    XL:     3   Next: 58%
Magic:  3/3        EV:  9    Int:  8    God:
Gold:   40         SH:  0    Dex: 10    Spells: 2/2 levels left

rFire   . . .        a - +0 war axe
rCold   . . .        c - +0 buckler
rNeg    . . .        b - +0 scale mail
rPois   .            g - +0 helmet
rElec   .            (no cloak)
rCorr   .            (no gloves)
SInv    .            (no boots)
Will    .....        (no amulet) Stlth
                     (no ring)
HPRegen 0.25/turn    (no ring)
MPRegen 0.08/turn

%: no passive effects
@: confused
A: no striking features
a: no special abilities


You were on level 2 of the Dungeon.
You visited 1 branch of the dungeon, and saw 2 of its levels.

You collected 40 gold pieces.

Inventory:

Hand Weapons
 a - a +0 war axe (weapon)
Armour
 b - a +0 scale mail (worn)
 c - a +0 buckler (worn)
 g - a +0 helmet (worn)
Scrolls
 e - a scroll of identify
Potions
 d - a potion of might
 f - a potion of flight
 h - a potion of heal wounds
 j - a potion of invisibility {unknown}


   Skills:
 + Level 4.1 Fighting
 + Level 3.4 Axes
 + Level 3.7 Armour
 + Level 3.7 Shields


You had 2 spell levels left.
You didn't know any spells.
Your spell library was empty.

Dungeon Overview and Level Annotations

Branches:
Dungeon (2/15)

Altars:

Shops:
D:2 *


Message History

You bump into the rock wall.
You bump into the rock wall.
Something hits you but does no damage. The orc barely misses you.
You miss something. You hit the orc. Something hits you but does no damage.
The orc hits you but does no damage.
You closely miss the orc.
The orc is moderately wounded.
You completely miss something.
You feel less confused.
You hear some strange, mumbled words.
You are confused.
The orc hits you but does no damage.
You bump into the rock wall.
Something hits you. The orc hits you with a +0 morningstar.
You hit something.
You hear some strange, mumbled words.
You are more confused.
You hear some strange, mumbled words.
A puff of flame appears from out of thin air!
The puff of flame hits you.
You miss something. Something hits you but does no damage.
You closely miss something. Something hits you but does no damage.
You miss something. Something hits you but does no damage.
You hear some strange, mumbled words.
A puff of flame appears from out of thin air!
The puff of flame hits you!
You completely miss something. Something hits you.
* * * LOW HITPOINT WARNING * * *
You bump into the rock wall.
Something hits you but does no damage.
You completely miss something. Something hits you.
* * * LOW HITPOINT WARNING * * *
Something hits you but does no damage.
You barely miss something.
You feel less confused.
You hear some strange, mumbled words.
You are confused.
You miss something. Something hits you.
* * * LOW HITPOINT WARNING * * *
You bump into the rock wall.
Something hits you.
You die...

.8.### ##.#
...... #..#
....!.# #.##
....... .# #.#
...>... #.#
####.# ......)###
#.# #....#
#.)o#.#.# #....#
###{#.#.####....#
#@# ...##.....#
#.###..#..#####
#......#.##
#####).#.##
#......# #...†>.#
#......# #......#
#.....∩#


You could see an orc.

Vanquished Creatures
  A worm (D:2)
  2 orcs (D:2)
  2 bats (D:2)
  4 endoplasms (D:1)
  A giant cockroach (D:1)
  4 goblins
  3 hobgoblins (D:1)
  7 jackals (D:1)
  2 kobolds (D:1)
  2 quokkas (D:1)
  A ball python (D:1)
  2 rats
31 creatures vanquished.

Notes
Turn   | Place    | Note
-------+----------+-------------------------------------------
     0 | D:1      | Jarnaxa the Hill Orc Fighter began the quest for the Orb.
     0 | D:1      | Reached XP level 1. HP: 19/19 MP: 1/1
    44 | D:1      | Reached XP level 2. HP: 21/27 MP: 2/2
   139 | D:1      | Reached skill level 4 in Fighting
   328 | D:1      | Reached XP level 3. HP: 20/33 MP: 3/3
   554 | D:2      | Found Pous's General Store.
   600 | D:2      | Found a faded altar of an unknown god.
   626 | D:2      | Slain by an orc wizard

Illustrated notes

Levels and vault maps discovered:
D:1:      dpeg_arrival_renting, layout_rooms
D:2:      layout_basic, serial_shops, shop, dreamdust_ecumenical_altar_statues

Skill      XL: |  1  2 |
---------------+-------+-----
Fighting       | 4 |  4.1
Axes           | 3 |  3.4
Armour         | |  3.7
Shields        | |  3.7

Action                     || total
---------------------------++-------
  Melee: War axe           ||    78
    Use: Scroll            ||     4
 Armour: Scale mail        ||    60
  Dodge: Dodged            ||    38
  Block: Buckler           ||    27
